Map: Tours du crépuscule

Players

zidar

  • Race: Zerg Zerg
  • League: Gold
  • Spawn Location: 1:00

Vincent - Winner!

  • Race: Zerg Zerg
  • League: Silver
  • Spawn Location: 7:00

VOD

Have the link to the VOD?

Description

Time

  • Played on: June 8, 2016, 1:30 p.m.
  • Length: 10:51
Show
View Real Time Build Order
Export as new Build Order

zidar Zerg 

Build Orders: Pool First 

Get SALT Encoding   

  12  0:01  Drone  
  13  0:12  Overlord  
  13  0:17  Drone  
  14  0:30  Drone x2  
  14  0:34  Drone  
  17  0:48  Spawning Pool  
  16  0:51  Drone  
  16  0:55  Extractor  
  16  0:57  Drone  
  17  1:17  Drone  
  17  1:18  Drone  
  19  1:31  Hatchery  
  18  1:40  Queen  
  18  1:47  Overlord  
  20  1:55  Zergling x4  
  22  2:16  Zergling x4, Pneumatized Carapace  
  24  2:24  Evolution Chamber  
  23  2:41  Metabolic Boost  
  23  2:49  Queen  
  25  3:05  Zergling x16  
  32  3:42  Zergling x8  
  32  3:44  Overlord x2  
  26  4:55  Zergling x24  
  38  5:06  Baneling Nest  
  37  5:19  Hatchery  
  36  5:23  Drone x4  
  40  5:38  Drone x5  
  45  5:53  Lair  
  45  6:12  Baneling  
  42  6:33  Baneling  
  42  6:34  Baneling x4  
  42  6:36  Zergling x2  
  42  6:37  Zergling x26  
  44  7:40  Zergling x12  
  50  7:44  Overlord x3  
  50  7:45  Overlord  
  50  7:46  Overlord  
  48  8:09  Zergling x36  
  66  8:14  Zerg Missile Weapons Level 1  
  66  8:24  Infestation Pit  
  65  8:40  Baneling x7  
  64  8:41  Baneling x9  
  64  8:42  Baneling  
  64  8:43  Baneling  
  64  8:47  Zergling x4  
  64  9:57  Overlord x6  
  64  9:58  Overlord  
  64  10:04  Extractor  
Show
View Real Time Build Order
Export as new Build Order

Vincent Zerg - Winner!

Build Orders: Hatch First 

Get SALT Encoding   

  12  0:00  Drone  
  13  0:07  Drone  
  13  0:13  Extractor  
  13  0:15  Drone  
  15  0:22  Overlord  
  15  0:47  Hatchery  
  14  0:53  Drone x2  
  16  0:57  Drone  
  16  1:02  Extractor  
  17  1:13  Spawning Pool  
  17  1:17  Drone  
  17  1:21  Extractor  
  17  1:22  Drone  
  17  1:26  Extractor  
  17  1:27  Drone  
  17  1:36  Drone  
  18  1:50  Drone  
  19  1:58  Drone  
  19  2:01  Queen  
  22  2:08  Drone  
  24  2:22  Drone  
  24  2:24  Spine Crawler  
  24  2:26  Drone x3  
  26  2:34  Queen  
  28  2:47  Spine Crawler  
  27  2:54  Roach Warren  
  26  3:08  Drone x2  
  26  3:11  Spine Crawler  
  27  3:24  Drone  
  27  3:26  Overlord x2  
  28  3:37  Overlord x2  
  28  3:46  Roach x2  
  32  3:49  Roach  
  32  3:52  Drone  
  32  3:55  Drone  
  36  4:01  Drone x2  
  38  4:09  Roach  
  40  4:11  Roach  
  40  4:14  Roach  
  44  4:17  Roach  
  46  4:48  Lair  
  46  4:56  Roach x5  
  46  4:57  Roach x2, Overlord  
  60  5:18  Ravager  
  60  5:19  Ravager x4  
  65  5:24  Roach, Zergling x2  
  65  5:25  Overlord x2  
  68  5:32  Overlord  
  68  5:33  Overlord  
  70  5:52  Drone x2  
  70  5:55  Extractor  
  70  5:56  Drone  
  72  6:00  Hatchery, Drone  
  72  6:01  Drone x3  
  73  6:31  Roach x7  
  73  6:32  Roach  
  89  6:37  Roach  
  91  6:44  Glial Reconstitution  
  91  6:47  Evolution Chamber x2  
  91  6:50  Drone x2  
  75  7:16  Roach x4  
  75  7:17  Roach x4  
  80  7:29  Queen  
  80  7:36  Zerg Missile Weapons Level 1, Zerg Ground Armor Level 1  
  82  7:47  Drone x2  
  85  7:51  Drone x4  
  85  7:52  Drone x4  
  85  8:12  Spire, Drone x4  
  88  8:25  Roach x3  
  88  8:26  Roach x2  
  98  8:27  Zergling x2  
  99  8:46  Drone x4  
  103  8:53  Extractor  
  103  8:54  Drone  
  103  8:55  Drone x2  
  105  9:03  Ravager  
  105  9:05  Overlord x2  
  105  9:06  Overlord  
  106  9:32  Corruptor  
  106  9:33  Mutalisk x5, Corruptor  
  106  9:34  Mutalisk x2  
  106  9:35  Zergling x2  
  106  9:36  Zergling x6  
  128  10:00  Mutalisk  
  128  10:01  Overlord x2  
  128  10:02  Overlord  
  128  10:06  Overlord x2  
Tags
 
Add a new tag
Caveats
  • Supply blocks, unpowered buildings, or Contaminate may cause inaccurate times.
  • Supply counts are checked every 10 seconds.